 Dungeon Crawl Stone Soup version 0.24.1 (webtiles) character file.

Game seed: 17708462369778135268, levelgen mode: deterministic

7182 hwangholhan the Grappler (level 10, -2/94 HPs)
             Began as a Troll Chaos Knight on Mar 24, 2020.
             Was a Plaything of Xom.
             Slain by an eight-headed hydra (11 damage)
             ... on level 10 of the Dungeon.
             The game lasted 00:16:47 (6757 turns).

hwangholhan the Grappler (Troll Chaos Knight)       Turns: 6757, Time: 00:16:49

Health: -2/94      AC:  9    Str: 27    XL:     10   Next: 86%
Magic:  11/11      EV:  9    Int:  9    God:    Xom [...*..]
Gold:   375        SH:  8    Dex:  9    Spells: 11/12 levels left

rFire    . . .     SeeInvis .     - Unarmed
rCold    . . .     Gourm    +   N - +0 shield
rNeg     . . .     Faith    .   a - +2 robe
rPois    .         Spirit   .   (helmet restricted)
rElec    .         Reflect  .   p - +0 cloak
rCorr    .         Harm     .   (gloves unavailable)
MR       +....                  (boots unavailable)
Stlth    +.........             w - amulet of rage
HPRegen  0.65/turn              k - +3 ring of strength
MPRegen  0.12/turn              u - ring of protection from magic

@: no status effects
A: large, unfitting armour, claws 3, fast metabolism 3, gourmand, regeneration
1, shaggy fur 1, tough skin 3, evolution 1, sturdy frame 1
a: Renounce Religion, Evoke Berserk Rage


You were on level 10 of the Dungeon.
You worshipped Xom.
You were a favourite toy of Xom.
You were near starving.

You visited 1 branch of the dungeon, and saw 10 of its levels.

You collected 492 gold pieces.
You spent 117 gold pieces at shops.

Inventory:

Hand Weapons
 O - a +2 hand axe of flaming
Missiles
 d - 34 poisoned darts
 g - 6 curare-tipped darts
 l - 7 atropa-tipped darts
 n - 6 large rocks (quivered)
 o - 14 boomerangs
Armour
 a - a +2 robe (worn)
 p - a +0 cloak (worn)
 N - a +0 shield (worn)
Magical Staves
 M - an uncursed staff of air {unknown}
Jewellery
 k - a +3 ring of strength (left claw)
 u - a ring of protection from magic (right claw)
 w - an amulet of rage (around neck)
Wands
 r - a wand of iceblast (18)
 x - a wand of enslavement (9)
 y - a wand of digging (4)
 D - a wand of acid (2)
 E - a wand of flame (16)
 I - a wand of scattershot (3)
 P - a wand of clouds (4)
Scrolls
 c - 3 scrolls of teleportation {unknown}
 i - 3 scrolls of amnesia {unknown}
 j - 3 scrolls of immolation {unknown}
 q - a scroll of enchant weapon {unknown}
 v - 2 scrolls of blinking {unknown}
 A - a scroll of remove curse {unknown}
 B - a scroll of torment {unknown}
 C - 2 scrolls of fog {unknown}
 G - 2 scrolls of fear {unknown}
 H - a scroll of magic mapping {unknown}
 J - a scroll of noise {unknown}
 K - a scroll of summoning {unknown}
 L - a scroll of random uselessness {unknown}
 Q - a scroll of identify
 R - a scroll of brand weapon {unknown}
Potions
 e - 3 potions of curing
 f - a potion of invisibility
 h - a potion of flight
 m - 3 potions of brilliance
 s - a potion of might
 t - a potion of cancellation
 z - a potion of mutation {unknown}
 F - a potion of resistance {unknown}
Comestibles
 b - 31 rations


   Skills:
 + Level 4.4 Fighting
 + Level 4.9 Axes
 - Level 2.0 Throwing
 - Level 4.8 Dodging
 * Level 1.5 Shields
 + Level 12.0 Unarmed Combat
 - Level 1.9 Spellcasting
 - Level 2.3 Hexes
 * Level 2.8 Evocations


You had 11 spell levels left.
You knew the following spells:

 Your Spells              Type           Power        Failure   Level  Hunger
a - Confusing Touch       Hex            #.....       54%         1    ##.....

Your spell library contained the following spells:

 Spells                   Type           Power        Failure   Level  Hunger
 Animate Skeleton         Necr           N/A          86%         1    ##.....
 Apportation              Tloc           #.....       86%         1    ##.....
 Summon Small Mammal      Summ           #...         86%         1    ##.....


Dungeon Overview and Level Annotations

Branches:
Dungeon (10/15)            Temple (0/1) D:6
   Lair: D:8-11         Orc: D:9-12

Altars:
Cheibriados

Shops:
D:9 [


Innate Abilities, Weirdness & Mutations

You are too large for most types of armour.
You have claws for hands.
Your metabolism is lightning-fast.
You like to eat raw meat.
Your natural rate of healing is unusually fast.
You are covered in fur. (AC +1)
You have extremely tough skin. (AC +3)
You evolve.
Your movements are slightly less encumbered by armour. (ER -2)


Message History

Aim: an eight-headed hydra (heavily wounded)
You throw a large rock.
The large rock barely misses the eight-headed hydra.
The large rock hits the black bear!
The black bear is heavily wounded.
The eight-headed hydra bites you but does no damage.
The eight-headed hydra barely misses you.
The eight-headed hydra bites you! x2
You emit a cloud of colourful smoke!
The eight-headed hydra bites you! The eight-headed hydra bites you.
The eight-headed hydra bites you!
* * * LOW HITPOINT WARNING * * *
The eight-headed hydra bites you!
* * * LOW HITPOINT WARNING * * *
The eight-headed hydra barely misses you.
You block the eight-headed hydra's attack.
The eight-headed hydra closely misses you.
The eight-headed hydra bites you!
You die...
Xom howls with laughter!

###########.#
#......÷....############## #
####.######..................
##
#...........#..##############
<# #.##.#####..#.#.####### #
#####.##.# #...###......# #
##.......# #.##.#.#####.# ##
#.##.########.##§§######†# #.
##.##.# .(..(hD@§......÷.# #.
>..##..
......##§§#####..######.
######## .#### #..#
#.......... #.(# #..........
# #..# #.#.######. # #...
...#.# #. # ##.###..... .. #
.# #.##.#. ## # .. #.##.


You could see an eight-headed hydra and a black bear.

Vanquished Creatures
  A hydra (D:9)
  Pikel (D:5)
  An eye of devastation (D:9)
  2 trolls
  Grinder (D:6)
  A dream sheep (D:9)
  A hippogriff (D:7)
  A wyvern (D:10)
  2 yaks (D:9)
  A hungry ghost (D:10)
  A fire bat (D:7)
  Menkaure (D:7)
  Edmund (D:5)
  An acid dragon (D:9)
  3 orc warriors
  2 slaves (D:5)
  A black bear (D:7)
  3 sky beasts
  4 ogres
  4 centaurs
  3 big kobolds
  A bullfrog (D:10)
  5 scorpions
  A water moccasin skeleton (D:7)
  10 killer bees
  2 howler monkeys
  4 wights (D:4)
  A centaur zombie (D:8)
  5 crimson imps
  2 quasits
  4 hounds
  A gnoll shaman (D:4)
  3 orc priests
  16 orc wizards
  5 worker ants
  A hound zombie (D:7)
  7 gnolls
  7 adders
  An adder zombie (D:9)
  2 worms
  3 dart slugs
  7 leopard geckos
  40 orcs
  3 giant cockroaches
  7 goblins
  10 hobgoblins
  4 jackals
  5 quokkas
  A ball python (D:3)
  4 bats
  4 frilled lizards
  9 kobolds
  2 quokka skeletons
  9 rats
222 creatures vanquished.

Vanquished Creatures (collateral kills)
  A leopard gecko (D:5)
  An orc (D:5)
2 creatures vanquished.

Vanquished Creatures (others)
  A bullfrog (D:6)
  A bush (D:6)
2 creatures vanquished.

Grand Total: 226 creatures vanquished

Notes
Turn   | Place    | Note
-------+----------+-------------------------------------------
     0 | D:1      | hwangholhan the Troll Chaos Knight began the quest for the
                  | Orb.
     0 | D:1      | Reached XP level 1. HP: 22/22 MP: 0/0
   144 | D:1      | XOM: potion effect (invisibility)
   154 | D:1      | Reached XP level 2. HP: 29/29 MP: 1/1
   350 | D:1      | XOM: noise
   452 | D:1      | XOM: noise
   524 | D:1      | XOM: god gift: 33 gold pieces
   749 | D:2      | Reached XP level 3. HP: 33/36 MP: 2/2
   911 | D:2      | Reached skill level 4 in Unarmed Combat
   924 | D:2      | XOM is BORED!
   924 | D:2      | XOM: mild Fire miscast
  1043 | D:2      | Reached XP level 4. HP: 44/45 MP: 3/3
  1185 | D:3      | Found a faded altar of an unknown god.
  1283 | D:3      | Found a snail-covered altar of Cheibriados.
  1425 | D:3      | XOM: god gift: 39 gold pieces
  1653 | D:3      | XOM: god gift: scroll labeled QIUGENL TOVY {god gift}
  1721 | D:4      | Noticed an ogre
  1728 | D:4      | Killed an ogre
  1728 | D:4      | Reached skill level 5 in Unarmed Combat
  1728 | D:4      | Reached XP level 5. HP: 33/53 MP: 4/4
  1744 | D:4      | Reached XP level 6. HP: 39/61 MP: 5/5
  1783 | D:4      | Reached skill level 6 in Unarmed Combat
  1828 | D:4      | Reached XP level 7. HP: 56/67 MP: 6/6
  1975 | D:4      | XOM: cloud trail
  2050 | D:4      | XOM: give mutations
  2050 | D:4      | Gained mutation: Your movements are slightly less
                  | encumbered by armour. (ER -2) [Xom's grace]
  2050 | D:4      | Gained mutation: You expend magic power (3 MP) to
                  | strengthen your wands. [Xom's grace]
  2050 | D:4      | Gained mutation: You evolve. [Xom's grace]
  2052 | D:4      | Reached skill level 7 in Unarmed Combat
  2092 | D:4      | XOM: fog
  2168 | D:4      | XOM: god gift: curved iron wand {god gift}
  2213 | D:4      | Reached skill level 8 in Unarmed Combat
  2521 | D:5      | Entered Level 5 of the Dungeon
  2537 | D:5      | XOM: god gift: runed scale mail {god gift}
  2546 | D:5      | XOM: 1-stop teleportation journey
  2547 | D:5      | Noticed Edmund
  2553 | D:5      | Killed Edmund
  2553 | D:5      | Reached XP level 8. HP: 72/78 MP: 7/7
  2697 | D:5      | Reached skill level 9 in Unarmed Combat
  2800 | D:5      | Noticed Pikel
  2805 | D:5      | XOM: summons 6 friendly demons
  2810 | D:5      | Killed Pikel
  2810 | D:5      | Reached skill level 1 in Throwing
  2810 | D:5      | Reached skill level 10 in Unarmed Combat
  2980 | D:5      | XOM is BORED!
  3207 | D:5      | Learned a level 1 spell: Confusing Touch
  3263 | D:6      | Noticed Grinder
  3275 | D:6      | Killed Grinder
  3333 | D:6      | XOM: summons 4 hostile shadow creatures
  3368 | D:6      | Reached XP level 9. HP: 69/84 MP: 8/8
  3690 | D:6      | XOM: divine lightning
  3705 | D:6      | Reached skill level 1 in Hexes
  3770 | D:6      | XOM: 4-stop teleportation journey
  3788 | D:6      | XOM: god gift: long brass wand {god gift}
  3793 | D:6      | Found a staircase to the Ecumenical Temple.
  3867 | D:6      | Reached skill level 1 in Spellcasting
  3946 | D:7      | XOM: mild Tmut miscast
  4044 | D:7      | XOM: fog
  4079 | D:7      | Reached skill level 11 in Unarmed Combat
  4080 | D:7      | XOM: enchant monster (good)
  4206 | D:7      | Reached skill level 1 in Evocations
  4237 | D:7      | XOM: polymorph big kobold -> fire bat
  4258 | D:7      | Noticed Menkaure
  4263 | D:7      | Killed Menkaure
  4269 | D:7      | XOM: confuse monster(s)
  4994 | D:8      | Reached XP level 10. HP: 90/92 MP: 11/11
  5229 | D:8      | XOM: 4-stop teleportation journey
  5640 | D:9      | XOM: smoke on damage
  5665 | D:9      | XOM: cloud trail
  5980 | D:9      | Reached skill level 1 in Axes
  5996 | D:9      | Noticed an eye of devastation
  5996 | D:9      | a dream sheep changed into an eye of devastation
  5996 | D:9      | XOM: polymorph dream sheep -> eye of devastation
  6001 | D:9      | HP: 3/93 [yak (5)]
  6007 | D:9      | Killed an eye of devastation
  6077 | D:9      | Noticed a two-headed hydra
  6081 | D:9      | Killed a one-headed hydra
  6082 | D:9      | XOM: polymorph big kobold -> acid dragon
  6227 | D:9      | Found Diuryoq's Antique Armour Boutique.
  6234 | D:9      | Bought a cloak for 117 gold pieces
  6404 | D:9      | XOM: god gift: scroll labeled EVEHUE LOBREPP {god gift}
  6495 | D:9      | Lost mutation: You expend magic power (3 MP) to strengthen
                  | your wands. [evolution]
  6510 | D:10     | Entered Level 10 of the Dungeon
  6549 | D:10     | Reached skill level 1 in Shields
  6669 | D:10     | XOM: confuse monster(s)
  6677 | D:10     | Reached skill level 12 in Unarmed Combat
  6754 | D:10     | Noticed an eight-headed hydra
  6757 | D:10     | XOM: smoke on damage
  6757 | D:10     | Slain by an eight-headed hydra

Levels and vault maps discovered:
D:1:      saegor_arrival_simple_d, layout_basic, hex_medium
D:2:      layout_rooms, first_ration, corexii_shack
D:3:      cheibrodos_old_hovel, layout_loops_ring, kennysheep_slug_shrine,
          chequers_ecumenical_altar_island
D:4:      layout_basic
D:5:      layout_loops_ring, uniq_edmund, uniq_pikel
D:6:      layout_loops_cross, minmay_temple_entry_poolview,
          kb_lookout_dungeons_type, kennysheep_generic_room_7, uniq_grinder
D:7:      layout_cave_pods, uniq_menkaure
D:8:      layout_loops_ring
D:9:      layout_loops_ring, serial_shops, shop, hangedman_ranch
          [blue_anna_fruit_fields]
D:10:     layout_loops_ring, nicolae_qazlal_style_of_elements

Skill      XL: |  1  2  3  4  5  6  7  8  9 10 |
---------------+-------------------------------+-----
Dodging        | 2 3 4 |  4.8
Fighting       | 3 4 |  4.4
Unarmed Combat | 4 5 6 8 10 11 12 | 12.0
Throwing       | 1 2 |  2.0
Hexes          | 2 |  2.3
Spellcasting   | 1 |  1.9
Evocations     | 1 2 |  2.8
Axes           | 4 |  4.9
Shields        | 1 |  1.5

Action                   |  1- 3 |  4- 6 |  7- 9 | 10-12 || total
-------------------------+-------+-------+-------+-------++-------
Melee: Unarmed           |    99 |    93 |   313 |   160 ||   665
       Punch             |     1 |     3 |     9 |     2 ||    15
       Hand axe          |       |       |       |     3 ||     3
Throw: Dart              |       |       |    19 |     1 ||    20
       Large rock        |       |       |       |     3 ||     3
Evoke: Wand              |       |       |       |     2 ||     2
  Use: Scroll            |       |       |     8 |     1 ||     9
       Potion            |       |       |     1 |     3 ||     4
 Stab: Paralysed         |       |       |     1 |       ||     1
       Confused          |       |       |       |     1 ||     1
  Eat: Chunk             |    15 |     7 |    27 |    16 ||    65
Armor: Robe              |    42 |    26 |   111 |    40 ||   219
Dodge: Dodged            |    52 |    28 |   172 |    48 ||   300
Block: Shield            |       |       |       |    28 ||    28
